 Dungeon Crawl Stone Soup version 0.28.0-55-gcd9437bce4 (webtiles) character file.

Game seed: 8188630451312257488

122599 cbfl8 the Executioner (level 16, -5/157 HPs)
             Began as a Minotaur Berserker on Jan 8, 2023.
             Was a High Priest of Trog.
             Slain by a tyrant leech (10 damage)
             ... on level 1 of the Swamp.
             The game lasted 00:40:11 (35217 turns).

cbfl8 the Executioner (Minotaur Berserker)         Turns: 35217, Time: 00:40:12

Health: -5/157     AC: 15    Str: 25    XL:     16   Next: 35%
Magic:  15/15      EV: 14    Int: 10    God:    Trog [*****.]
Gold:   2743       SH: 11    Dex: 20    Spells: 15/15 levels left

rFire   + + .      SeeInvis .   Q - +8 broad axe "Ehujycos" {flame, Dex+5}
rCold   . . .      Faith    .   l - +0 kite shield {reflect}
rNeg    . . .      Spirit   .   U - +0 chain mail {rF+}
rPois   .          Reflect  +   c - +2 hat {Int+3}
rElec   +          Harm     .   a - +1 cloak "Wook" {rElec Regen+}
rCorr   .          Rampage  .   h - +2 pair of gloves
Will    +....                   I - +0 pair of boots of Ihonicu {rElec Str+3 Int+3 Dex-3}
Stlth   ..........              e - amulet of the acrobat
HPRegen 1.16/turn               F - ring of flight
MPRegen 0.14/turn               D - ring of protection from fire

@: about to teleport, corroded, on berserk cooldown, flying, slowed, very slow
A: horns 2, retaliatory headbutt
a: Renounce Religion, Berserk, Trog's Hand, Brothers in Arms


You were on level 1 of the Swamp.
You worshipped Trog.
Trog was extremely pleased with you.
You visited 4 branches of the dungeon, and saw 24 of its levels.
You also visited: Ossuary, Gauntlet and Volcano.

You collected 3005 gold pieces.
You spent 262 gold pieces at shops.

Inventory:

Hand Weapons
 Q - the +8 broad axe "Ehujycos" (weapon) {flame, Dex+5}
   (Trog gifted it to you on level 12 of the Dungeon)

   It burns those it strikes, dealing additional fire damage.
   Big, fiery blades are also staple armaments of hydra-hunters.
   Dex:       It affects your dexterity (+5).
Armour
 a - the +1 cloak "Wook" (worn) {rElec Regen+}
   (You found it in a Gauntlet)

   rElec:     It insulates you from electricity.
   Regen:     It increases your rate of health regeneration.
 c - a +2 hat of intelligence (worn)
 h - a +2 pair of gloves (worn)
 l - a +0 kite shield of reflection (worn)
 I - the +0 pair of boots of Ihonicu (worn) {rElec Str+3 Int+3 Dex-3}
   (You found it on level 10 of the Dungeon)

   Str:       It affects your strength (+3).
   Int:       It affects your intelligence (+3).
   Dex:       It affects your dexterity (-3).
   rElec:     It insulates you from electricity.
 U - a +0 chain mail of fire resistance (worn)
Jewellery
 e - an amulet of the acrobat (around neck)
 D - a ring of protection from fire (right hand)
 F - a ring of flight (left hand)
Wands
 i - a wand of paralysis (6) (quivered)
 r - a wand of acid (11)
 s - a wand of iceblast (10)
 x - a wand of digging (3)
 C - a wand of charming (9)
 H - a wand of flame (43)
Scrolls
 d - 7 scrolls of teleportation
 u - 3 scrolls of fear
 v - 7 scrolls of enchant armour
 w - 4 scrolls of enchant weapon
 B - 2 scrolls of holy word
 P - 2 scrolls of fog
 R - 2 scrolls of silence
 T - a scroll of acquirement
 V - 2 scrolls of blinking
 Z - a scroll of summoning {unknown}
Potions
 b - 3 potions of degeneration {unknown}
 g - 10 potions of ambrosia
 j - 9 potions of curing
 k - 2 potions of flight {unknown}
 n - 7 potions of haste
 p - 6 potions of lignification
 q - 6 potions of heal wounds
 z - 7 potions of might
 A - 4 potions of brilliance {unknown}
 G - 3 potions of berserk rage {unknown}
 L - 2 potions of cancellation {unknown}
 M - a potion of mutation {unknown}
 W - 2 potions of invisibility {unknown}
 X - a potion of magic
Miscellaneous
 o - a phantom mirror
 t - a phantom mirror
 y - a lightning rod (4/4)
 E - a condenser vane
 O - a box of beasts


   Skills:
 * Level 18.0 Fighting
 * Level 21.6 Axes
 + Level 14.3 Armour
 * Level 10.8 Dodging
 + Level 2.6 Stealth
 + Level 6.9 Shields
 * Level 7.9 Evocations


You had 15 spell levels left.
You didn't know any spells.
Your spell library was empty.

Dungeon Overview and Level Annotations

Branches:
Dungeon (15/15)            Temple (0/1) D:5            Lair (6/6) D:11
  Swamp (1/4) Lair:4       Spider (0/4) Lair:3        Slime (0/5) Lair:5
    Orc (2/2) D:9             Elf (0/3) Orc:2        Vaults (0/5) D:13
 Depths (0/4) D:15        Ossuary (visited)         Volcano (visited)
Gauntlet (visited)

Altars:
Dithmenos
Elyvilon
Gozag
Hepliaklqana
Kikubaaqudgha
Makhleb
Nemelex Xobeh
Qazlal
Sif Muna
Trog
Wu Jian
Xom
Zin
The Shining One
Beogh

Shops:
D:2 (   D:5 !   D:7 !   Orc:1 [?[![   Orc:2 (![(

Annotations:
Lair:2 2 transporters, RedNights's ghost, journeyman DEEE


Innate Abilities, Weirdness & Mutations

You have a pair of horns on your head.
You reflexively headbutt those who attack you in melee.


Message History

You hit the tyrant leech. You burn the tyrant leech.
Your headbutt misses the tyrant leech.
The tyrant leech is severely wounded.
The goliath frog hits you from afar!
You are splashed with acid!
Unknown command.
You are too injured to fight recklessly!
Unknown command.
You are too injured to fight recklessly!
Unknown command.
You are too injured to fight recklessly!
Unknown command.
You are too injured to fight recklessly!
Unknown command.
You are too injured to fight recklessly!
Unknown command.
You closely miss the tyrant leech. You headbutt the tyrant leech!
The tyrant leech is almost dead.
The trees move their gnarly branches around.
The forest calms down.
The goliath frog hits you from afar! The acid corrodes you!
You are splashed with acid!
The tyrant leech closely misses you.
You miss the tyrant leech.
The tyrant leech is almost dead.
You are no longer berserk.
You are exhausted.
You feel yourself slow down. The goliath frog hits you from afar!
You are splashed with acid!
* * * LOW HITPOINT WARNING * * *
You block the goliath frog's attack.
As you read the scroll of teleportation, it crumbles to dust.
You feel strangely unstable. The goliath frog hits you from afar!
* * * LOW HITPOINT WARNING * * *
The acid corrodes you!
You are splashed with acid!
* * * LOW HITPOINT WARNING * * *
The goliath frog hits you from afar!
* * * LOW HITPOINT WARNING * * *
You are splashed with acid!
* * * LOW HITPOINT WARNING * * *
The tyrant leech bites you!
You die...

...##..............≈≈.≈♣
≈.......#...)..##..≈....≈♣
..≈.......)..###....≈.§≈.
≈≈.......≈≈.(....≈≈.§≈..
≈.###..)§≈.......♣.≈≈.♣
♣.#.........#.#......≈♣
♣.#.#..†....#.#.≈♣..≈.♣
♣♣........≈..#.#.♣♣♣≈≈.≈
♣.≈.wF)@.≈≈......≈♣.....
♣.≈..F†w..†.≈..≈.≈♣♣♣♣♣♣
.[.§≈≈.♣♣.......≈≈≈.≈≈.≈♣♣
....i≈≈ ♣≈≈≈..........)≈≈♣
....i≈≈♣.≈≈§≈.......≈..♣♣♣
...i.≈.≈≈......≈≈≈.≈≈≈.≈♣
i...≈≈≈.♣♣♣....≈≈≈≈≈≈≈.♣♣
..≈≈≈≈≈. ≈≈...≈≈≈.≈.≈.♣
≈≈≈≈≈≈. ♣≈.≈♣≈.≈..<.).♣


You could see 2 tyrant leeches and 2 goliath frogs.

Vanquished Creatures
  Jorgrun (D:13)
  Gastronok (D:8)
  Donald (Orc:2)
  2 orc warlords
  An eleionoma (Swamp:1)
  The ghost of Vuovab the Frost Mage, a journeyman DsIE of Okawaru (D:15)
  A red draconian (Volcano)
  A bunyip (Swamp:1)
  A minotaur (Gauntlet)
  A fire dragon (D:14)
  2 ettins (D:13)
  A shambling mangrove (Swamp:1)
  2 spectral spriggans (D:15)
  3 ice dragons
  11 hydras
  Erolcha (D:10)
  4 boulder beetles
  Erica (D:9)
  9 centaur warriors
  A spectral fire giant (D:15)
  8 two-headed ogres
  2 ogre magi
  2 dancing weapons (D:13)
  2 alligators (Swamp:1)
  A catoblepas (Lair:2)
  4 tengu warriors
  A death scarab (Gauntlet)
  A titan zombie (D:15)
  A spriggan berserker (D:13)
  Sonja (D:11)
  A fire crab (Gauntlet)
  A skeletal warrior (D:9)
  A spark wasp zombie (D:15)
  A spriggan druid (Swamp:1)
  An obsidian statue (Volcano)
  Pikel (D:5)
  4 lindwurms (Lair:4)
  4 cyclopes
  3 orc knights
  4 orc sorcerers
  A deep elf pyromancer (D:14)
  2 ugly things
  5 manticores
  A stone giant zombie (D:15)
  A will-o-the-wisp (Swamp:1)
  10 elephants
  3 black mambas
  13 cane toads
  A gargoyle (D:12)
  2 unseen horrors
  Maggie (D:6)
  3 kobold demonologists
  4 efreet
  A freezing wraith (D:15)
  4 rime drakes
  6 komodo dragons
  An ice devil (Gauntlet)
  10 polar bears
  2 burning bushes (Lair:2)
  A tyrant leech (Swamp:1)
  Grinder (D:4)
  4 meliai
  A queen bee (D:12)
  10 trolls
  A tengu simulacrum (D:15)
  12 hornets
  Prince Ribbit (D:5)
  19 slime creatures
  8 blink frogs (Lair:6)
  6 dream sheep
  A spectral black mamba (Gauntlet)
  6 wyverns
  A vampire (D:11)
  19 spriggans
  Sigmund (D:3)
  2 wraiths
  7 basilisks
  A hog (D:11)
  A human (shapeshifter) (D:14)
  8 fire bats
  39 yaks
  3 steam dragons
  A redback (shapeshifter) (D:14)
  20 vampire mosquitoes
  Menkaure (D:4)
  4 swamp worms (Swamp:1)
  6 wargs
  An acid dragon (D:11)
  Duvessa (D:4)
  11 water moccasins
  3 hell hounds (Gauntlet)
  2 sky beasts
  A meliai simulacrum (D:15)
  38 orc warriors
  An ettin simulacrum (D:15)
  An ice beast (D:7)
  12 black bears
  4 boggarts (Lair:6)
  10 ogres
  21 centaurs
  33 wolves
  4 phantoms
  2 lemures (D:5)
  4 kobold brigands
  6 bullfrogs
  A gnoll sergeant (D:10)
  4 scorpions
  A water moccasin skeleton (D:4)
  Dowan (D:4)
  35 killer bees
  2 vampire bats (Lair:6)
  A wight (D:4)
  6 centaur zombies
  2 howler monkeys (D:13)
  A bullfrog zombie (D:5)
  8 lava snakes (Volcano)
  A bullfrog skeleton (D:6)
  A human zombie (Ossuary)
  3 jellies
  2 centaur skeletons (D:6)
  27 orc priests
  A gnoll shaman (D:5)
  Ijyb (D:3)
  Jessica (D:2)
  2 iguanas
  34 orc wizards
  A hound zombie (Ossuary)
  4 mummies (Ossuary)
  6 howler monkey zombies
  12 gnolls
  A howler monkey skeleton (D:7)
  6 adders
  6 white imps
  2 adder zombies (Ossuary)
  6 worms
  4 dart slugs
  88 orcs
  12 ball pythons
  2 bat zombies (D:10)
  3 endoplasms
  3 giant cockroaches
  A gnoll zombie (Ossuary)
  9 goblins
  4 hobgoblins
  7 jackals (D:1)
  A quokka (D:2)
  12 bats
  4 frilled lizards
  A goblin zombie (Ossuary)
  3 jackal zombies (Ossuary)
  15 kobolds
  2 orc zombies (Ossuary)
  6 rats
  3 rat zombies
860 creatures vanquished.

Vanquished Creatures (others)
  A bloated husk (Swamp:1)
  A white imp (D:7)
  An orc (D:7)
  6 foxfires (Swamp:1)
  18 fungi
  77 plants
104 creatures vanquished.

Grand Total: 964 creatures vanquished

Notes
Turn   | Place    | Note
-------+----------+-------------------------------------------
     0 | D:1      | cbfl8 the Minotaur Berserker began the quest for the Orb.
     0 | D:1      | Reached XP level 1. HP: 19/19 MP: 0/0
   160 | D:1      | Reached XP level 2. HP: 9/27 MP: 1/1
   375 | D:1      | Found a faded altar of an unknown god.
   475 | D:1      | Reached skill level 4 in Axes
   952 | D:1      | Reached ** piety under Trog
   953 | D:1      | Reached XP level 3. HP: 31/33 MP: 2/2
  1565 | D:2      | Found Qoiwoclu's Antique Weapon Shoppe.
  1679 | D:2      | Noticed Jessica
  1685 | D:2      | Killed Jessica
  1686 | D:2      | Reached XP level 4. HP: 41/41 MP: 3/3
  2227 | D:3      | Noticed Ijyb
  2241 | D:3      | Killed Ijyb
  2242 | D:3      | Reached skill level 5 in Axes
  2293 | D:3      | Noticed Sigmund
  2303 | D:3      | Killed Sigmund
  2304 | D:3      | Reached skill level 6 in Axes
  2304 | D:3      | Reached XP level 5. HP: 47/47 MP: 4/4
  2304 | D:3      | Reached XP level 6. HP: 55/55 MP: 5/5
  2623 | D:3      | Reached skill level 5 in Fighting
  3050 | D:3      | Found an ornate altar of the Wu Jian Council.
  3251 | D:4      | Found a shimmering blue altar of Sif Muna.
  3285 | D:4      | Noticed Grinder
  3288 | D:4      | Paralysed by Grinder for 2 turns
  3300 | D:4      | Paralysed by Grinder for 3 turns
  3317 | D:4      | Paralysed by Grinder for 4 turns
  3323 | D:4      | Paralysed by Grinder for 4 turns
  3335 | D:4      | Killed Grinder
  3336 | D:4      | Reached skill level 7 in Axes
  3336 | D:4      | Reached XP level 7. HP: 46/61 MP: 6/6
  3592 | D:4      | Noticed Menkaure
  3600 | D:4      | Killed Menkaure
  3601 | D:4      | Reached skill level 5 in Armour
  3894 | D:4      | Found an opulent altar of Gozag.
  3894 | D:4      | Noticed Duvessa
  3894 | D:4      | Noticed Dowan
  3905 | D:4      | Killed Duvessa
  3906 | D:4      | Reached skill level 1 in Stealth
  3907 | D:4      | Killed Dowan
  4034 | D:4      | Identified the +1 leather armour "Bost" {+Inv}
  4048 | D:4      | Reached skill level 8 in Axes
  4332 | D:4      | Reached XP level 8. HP: 26/70 MP: 7/7
  4879 | D:5      | Entered Level 5 of the Dungeon
  4889 | D:5      | Noticed Pikel
  4904 | D:5      | Killed Pikel
  4905 | D:5      | Reached skill level 9 in Axes
  5417 | D:5      | Reached skill level 10 in Axes
  5450 | D:5      | Reached XP level 9. HP: 79/79 MP: 8/8
  5559 | D:5      | Found a bloodstained altar of Trog.
  5614 | D:5      | Reached *** piety under Trog
  5640 | D:5      | Noticed Prince Ribbit
  5653 | D:5      | Killed Prince Ribbit
  5937 | D:5      | Found a staircase to the Ecumenical Temple.
  5953 | D:5      | Found Lizunuq's Distillery.
  6090 | D:5      | Reached skill level 11 in Axes
  6247 | D:5      | Identified the +1 scale mail of Impressiveness {*Slow rElec
                  | rF+ Str+4}
  6289 | D:6      | Found a burning altar of Makhleb.
  6368 | D:6      | Found a glowing silver altar of Zin.
  7027 | D:6      | Noticed Maggie
  7039 | D:6      | Killed Maggie
  7474 | D:6      | Found a glowing golden altar of the Shining One.
  7666 | D:7      | Reached skill level 12 in Axes
  7762 | D:7      | Found a shadowy altar of Dithmenos.
  7768 | D:7      | Reached XP level 10. HP: 90/90 MP: 9/9
  7803 | D:7      | Found a sand-covered staircase.
  7815 | Ossuary  | Entered an ossuary
  7820 | Ossuary  | Reached **** piety under Trog
  8020 | Ossuary  | Identified the +6 scale mail of Chill Winds {rPois}
  8222 | D:7      | Found a stormy altar of Qazlal.
  8494 | D:7      | Found Sarisch's Distillery.
  8705 | D:8      | Found a hazy altar of Hepliaklqana.
  8836 | D:8      | Noticed Gastronok
  8840 | D:8      | Noticed a tengu warrior
  8848 | D:8      | Killed Gastronok
  8849 | D:8      | Reached skill level 13 in Axes
  8849 | D:8      | Noticed a two-headed ogre
  8855 | D:8      | Noticed a tengu warrior
  9215 | D:8      | Found a white marble altar of Elyvilon.
  9294 | D:8      | Killed a tengu warrior
  9295 | D:8      | Reached skill level 10 in Armour
  9304 | D:8      | Killed a tengu warrior
  9305 | D:8      | Reached skill level 14 in Axes
  9680 | D:9      | Noticed a two-headed ogre
  9701 | D:8      | Killed a two-headed ogre
  9818 | D:9      | Noticed Erica
  9821 | D:9      | Noticed a manticore
  9822 | D:9      | Reached XP level 11. HP: 88/99 MP: 8/10
  9833 | D:9      | Killed Erica
  9834 | D:9      | Reached skill level 5 in Dodging
  9834 | D:9      | Reached skill level 1 in Evocations
  9844 | D:9      | Noticed a skeletal warrior
  9888 | D:9      | Noticed an ogre mage
  9902 | D:9      | Killed an ogre mage
  9903 | D:9      | Reached skill level 10 in Fighting
 10299 | D:9      | Reached skill level 15 in Axes
 10643 | D:8      | Killed a two-headed ogre
 10866 | D:9      | Found a staircase to the Orcish Mines.
 11036 | D:9      | Noticed a brown ugly thing
 11043 | D:9      | Reached skill level 1 in Shields
 11051 | D:9      | Killed a brown ugly thing
 11157 | D:9      | Killed a skeletal warrior
 11385 | D:9      | Found a shimmering altar of Xom.
 11385 | D:9      | Found a shimmering altar of Xom.
 11385 | D:9      | Found a shimmering altar of Xom.
 11385 | D:9      | Found a shimmering altar of Xom.
 11387 | D:9      | Found a shimmering altar of Xom.
 11389 | D:9      | Found a shimmering altar of Xom.
 11389 | D:9      | Found a shimmering altar of Xom.
 11389 | D:9      | Found a shimmering altar of Xom.
 11459 | D:9      | Noticed a two-headed ogre
 11466 | D:9      | Killed a two-headed ogre
 11508 | D:9      | Reached ***** piety under Trog
 11919 | D:10     | Entered Level 10 of the Dungeon
 12045 | D:10     | Found an ancient bone altar of Kikubaaqudgha.
 12138 | D:10     | Identified the +0 pair of boots of Ihonicu {rElec Str+3
                  | Int+3 Dex-3}
 12268 | D:10     | Noticed Erolcha
 12281 | D:10     | Killed Erolcha
 12417 | D:10     | Reached skill level 16 in Axes
 12630 | D:10     | Reached XP level 12. HP: 95/108 MP: 9/11
 13401 | D:11     | Found a huge runed translucent gate.
 13401 | D:11     | Found a huge runed translucent gate.
 13401 | D:11     | Found a huge runed translucent gate.
 13401 | D:11     | Found a huge runed translucent gate.
 13422 | D:11     | Received a gift from Trog
 13768 | D:11     | Noticed Sonja
 13779 | D:11     | Killed Sonja
 13788 | D:11     | Found a staircase to the Lair.
 13869 | D:11     | Noticed a boulder beetle
 13880 | D:11     | Killed a boulder beetle
 14625 | D:11     | Reached skill level 17 in Axes
 14687 | D:12     | Noticed a centaur warrior
 14868 | D:12     | Killed a centaur warrior
 15192 | D:12     | Noticed a six-headed hydra
 15203 | D:12     | Killed a four-headed hydra
 16361 | D:12     | Noticed a boulder beetle
 16394 | D:12     | Killed a boulder beetle
 16554 | D:12     | Reached XP level 13. HP: 118/118 MP: 12/12
 16631 | D:12     | Identified the +8 broad axe "Ehujycos" {flame, Dex+5} (Trog
                  | gifted it to you on level 12 of the Dungeon)
 16631 | D:12     | Received a gift from Trog
 17241 | D:12     | Reached skill level 18 in Axes
 17508 | D:13     | Noticed Jorgrun
 17518 | D:13     | Killed Jorgrun
 18399 | D:13     | Noticed an ettin
 18412 | D:13     | Killed an ettin
 18745 | D:13     | Reached skill level 5 in Evocations
 18904 | D:13     | Found a gate to the Vaults.
 18932 | D:13     | Found the +7 pair of quick blades "Gyre" and "Gimble"
                  | {protect}
 19210 | D:13     | Noticed an ettin
 19221 | D:13     | Killed an ettin
 19806 | Lair:1   | Entered Level 1 of the Lair of Beasts
 20261 | Lair:1   | Reached skill level 19 in Axes
 21185 | Lair:2   | Found a transporter.
 21191 | Lair:2   | Noticed RedNights's ghost (journeyman DEEE)
 21234 | Lair:2   | Found a transporter.
 21811 | Lair:3   | Reached XP level 14. HP: 123/130 MP: 13/13
 21904 | Lair:3   | Found a hole to the Spider Nest.
 22735 | Lair:3   | Identified the +5 hand axe of Disaster {speed, rElec Str+4
                  | Int+4}
 23054 | Lair:4   | Identified the +1 scale mail of Beogh's Castigation {rC+
                  | Regen+ Str-5 Int+5}
 23108 | Lair:4   | Found a staircase to the Swamp.
 23785 | Lair:4   | Identified a scroll of acquirement
 23790 | Lair:5   | Found a staircase to the Slime Pits.
 24261 | Lair:5   | Reached skill level 15 in Fighting
 24705 | Lair:6   | Entered Level 6 of the Lair of Beasts
 25033 | Lair:6   | Received a gift from Trog
 25545 | Lair:6   | Reached skill level 20 in Axes
 25715 | Lair:6   | Paralysed by a hornet for 3 turns
 25756 | Lair:6   | Reached skill level 5 in Shields
 25983 | Lair:6   | Reached XP level 15. HP: 143/143 MP: 14/14
 26618 | Orc:1    | Entered Level 1 of the Orcish Mines
 26619 | Orc:1    | Found Diyst's Armour Emporium.
 26627 | Orc:1    | Paralysed by an orc sorcerer for 4 turns
 26635 | Orc:1    | Paralysed by an orc sorcerer for 7 turns
 26645 | Orc:1    | Received a gift from Trog
 26968 | Orc:1    | Found Ijiclis's Distillery.
 27069 | Orc:2    | Entered Level 2 of the Orcish Mines
 27105 | Orc:2    | Found a dark tunnel.
 27115 | Volcano  | Entered a volcano
 27365 | Volcano  | Found a bloodstained altar of Trog.
 27798 | Orc:1    | Noticed an orc warlord
 27817 | Orc:1    | Killed an orc warlord
 27818 | Orc:1    | Found Solaylur's Armour Shoppe.
 27833 | Orc:1    | Found Caxt's Magic Scroll Emporium.
 28380 | Orc:2    | Found Niryt's Antique Weapon Shop.
 28579 | Orc:1    | Found Riysenoc's Antique Armour Shoppe.
 29592 | Orc:2    | Received a gift from Trog
 29676 | Orc:2    | Found a staircase to the Elven Halls.
 29725 | Orc:2    | Found Emyeleok's Distillery.
 29930 | Orc:2    | Noticed an orc warlord
 29945 | Orc:2    | Killed an orc warlord
 29946 | Orc:2    | Reached skill level 10 in Dodging
 30572 | Orc:2    | Noticed Donald
 30586 | Orc:2    | Killed Donald
 31169 | Orc:2    | Found Obroro's Antique Armour Shop.
 31171 | Orc:2    | Found Gesah's Antique Weapon Boutique.
 31184 | Orc:2    | Bought a pair of runed gloves for 262 gold pieces
 32054 | D:14     | Found a sparkling altar of Nemelex Xobeh.
 32226 | D:14     | Received a gift from Trog
 32288 | D:14     | Reached skill level 21 in Axes
 32756 | D:15     | Entered Level 15 of the Dungeon
 32789 | D:15     | Found a gate leading to a gauntlet.
 32798 | Gauntlet | Entered a Gauntlet
 32798 | Gauntlet | Found a transporter.
 32798 | Gauntlet | Found a transporter.
 32811 | Gauntlet | Found a transporter.
 32813 | Gauntlet | Found a transporter.
 32823 | Gauntlet | Found a transporter.
 32824 | Gauntlet | Found a transporter.
 32828 | Gauntlet | Found a runed translucent door.
 32832 | Gauntlet | Found a transporter.
 32832 | Gauntlet | Found the +10 tower shield of Ignorance {rN+ Int-4}
 32842 | Gauntlet | Found a runed translucent door.
 32852 | Gauntlet | Found a transporter.
 32872 | Gauntlet | Found a transporter.
 32873 | Gauntlet | Found a transporter.
 32884 | Gauntlet | Found a transporter.
 32886 | Gauntlet | Found a transporter.
 33579 | Gauntlet | Identified the +1 cloak "Wook" {rElec Regen+}
 33802 | D:15     | Found a runed translucent gate.
 33802 | D:15     | Found a runed translucent gate.
 33802 | D:15     | Found a runed translucent gate.
 34029 | D:15     | Found a burning altar of Makhleb.
 34233 | D:15     | Reached XP level 16. HP: 131/155 MP: 15/15
 34497 | D:15     | Found a staircase to the Depths.
 34550 | D:15     | Noticed Vuovab's ghost (journeyman DsIE)
 34589 | D:15     | Killed Vuovab's ghost
 34873 | Swamp:1  | Entered Level 1 of the Swamp
 35210 | Swamp:1  | Received a gift from Trog
 35217 | Swamp:1  | HP: 5/157 [acid[a spriggan druid] (9)]
 35217 | Swamp:1  | Slain by a tyrant leech

Illustrated notes

Levels and vault maps discovered:
D:1:      minmay_arrival_jagged, layout_basic,
          hellmonk_ecumenical_altar_heavens_door
D:2:      cheibrodos_old_hovel, layout_rooms, serial_shops, shop, uniq_jessica
D:3:      layout_loops_corners, general_overflow_altar, hangedman_glass_teeth,
          serial_park_tiny_1, minmay_fractal_squares_gapless_5, uniq_ijyb,
          uniq_sigmund
D:4:      layout_loops_ring, grunt_gozag_statues, mainiacjoe_overflow_24_doors,
          minmay_divided_ellipse, uniq_menkaure, uniq_duvessa, uniq_grinder
D:5:      layout_cave_pools, lemuel_doored_altar,
          minmay_temple_entry_gardened_gates, serial_shops, nicolae_square_shop,
          uniq_pikel, uniq_prince_ribbit1
D:6:      nicolae_cairo_tiling_large_dashed, layout_gridville,
          amcnicky_altar_gilded, lemuel_crystal_altar, zin_treasury, uniq_maggie
D:7:      layout_rooms, nicolae_qazlal_style_of_elements,
          grunt_dithmenos_shadows, lightli_ossuary_entry_decrepit_ruins,
          serial_shops, nicolae_shop_behind_doors
D:8:      layout_rooms, nicolae_elyvilon_peaceful_grove,
          nicolae_hepliaklqana_hazy_memory, hangedman_abyss_or_decor_stabs,
          uniq_gastronok
D:9:      nzn_winding_woodlands_cross [nzn_winding_woodlands_5x15_sidewinder,
          nzn_winding_woodlands_5x15_default, nzn_winding_woodlands_5x15_pool,
          nzn_winding_woodlands_5x15_concentric,
          nzn_winding_woodlands_15x15_five_gardens], layout_irregular_city,
          xom_shifter_show, minmay_unpleasant_kobolds, uniq_erica
D:10:     layout_irregular_city, lemuel_zombie_altar_kikubaaqudgha,
          evilmike_butchery, uniq_erolcha
D:11:     lemuel_bear_cage, layout_irregular_city, lair_entry_dummy,
          minivault_23, uniq_sonja
D:12:     layout_cave_pods, special_room [special_room_bee], st_stairs_6
D:13:     layout_cave_pools, erik_vaults_1,
          hellmonk_guarded_unrand_gyre_and_gimble, uniq_jorgrun
D:14:     nooodl_glass_maze, layout_basic, nemelex_lonely_heart_becter
D:15:     grunt_enter_depths_hoard, layout_small_grid, gauntlet_entry_generic,
          gammafunk_ghost_necromancy, hangedman_decor_opposing, bloody_makhleb
Lair:1:   layout_regular_city, infiniplex_staircase_pool_2
Lair:2:   layout_small_grid, nzn_ghost_randoct, evilmike_ambush
          [evilmike_ambush_outer_pillars, evilmike_ambush_inner_basic],
          serial_bayou_shore_b
Lair:3:   layout_concentric_octagons, hellmonk_spider_entry_not_the_bees,
          minivault_11, chequers_serial_rivers_micro_e
Lair:4:   layout_regular_city, swamp_mist, serial_forest,
          infiniplex_forest_clump_tiny, infiniplex_forest_straight_2,
          infiniplex_forest_lined_2, infiniplex_forest_pool,
          infiniplex_forest_lined_3, minmay_lindwurm_lava
Lair:5:   layout_regular_city, minmay_slime_entry_pillars, minivault_19
Lair:6:   minmay_lair_end_enchanted_forest, layout_cave_pods, st_stairs_9,
          chequers_serial_rivers_small_3, roderic_batcave,
          infiniplex_staircase_pool
Swamp:1:  layout_basic_swamp, serial_swamp_ruin, evilmike_swamp_ruin_rubble_2,
          evilmike_swamp_ruin_house_1, evilmike_swamp_ruin_house_5,
          nicolae_swamp_oxbows
Orc:1:    layout_caves, serial_shops, shop_fountains, nicolae_shop_stone, shop,
          shop, nicolae_shop_temple_entry_statues_fountains,
          portal_ice_cave_entry_animals_and_master
Orc:2:    grunt_orc_community_town_hall, layout_caves,
          grunt_orc_community_big_house_2, grunt_orc_community_big_house_1,
          grunt_orc_community_house_2, grunt_orc_community_house_2,
          grunt_orc_community_house_2, grunt_orc_community_house_2,
          grunt_orc_community_house_3, grunt_orc_community_house_2,
          nicolae_volcano_entry_lava_flow, uniq_donald

Skill      XL: |  1  2  3  4  5  6  7  8  9 10 11 12 13 14 15 16 |
---------------+-------------------------------------------------+-----
Fighting       | 4 5 6 7 8 9 10 12 13 15 17 18 | 18.0
Axes           | 4 6 7 8 10 12 14 16 17 19 20 21 | 21.6
Armour         | 3 4 5 7 9 10 11 12 13 14 | 14.3
Dodging        | 3 4 6 7 8 9 10 | 10.8
Stealth        | 1 2 |  2.6
Evocations     | 2 4 5 6 7 |  7.9
Shields        | 3 4 5 6 |  6.9

Action                   |  1- 3 |  4- 6 |  7- 9 | 10-12 | 13-15 | 16-18 || total
-------------------------+-------+-------+-------+-------+-------+-------++-------
Melee: Hand axe          |    63 |   131 |   212 |       |       |       ||   406
       Headbutt          |    11 |    16 |    61 |   128 |   205 |    33 ||   454
       Punch             |       |     2 |     2 |     1 |     5 |       ||    10
       Broad axe         |       |       |    20 |   497 |   974 |   128 ||  1619
       Executioner's axe |       |       |       |     4 |       |       ||     4
Invok: Berserk           |     1 |     3 |     5 |     9 |    14 |     3 ||    35
       Trog's Hand       |       |     1 |       |       |     1 |       ||     2
       Brothers in Arms  |       |       |       |       |     1 |       ||     1
Evoke: Wand              |       |       |       |    12 |    10 |       ||    22
  Use: Potion            |       |     3 |       |       |       |       ||     3
       Scroll            |       |       |     6 |     9 |    14 |     1 ||    30
Armor: Animal skin       |    17 |       |       |       |       |       ||    17
       Scale mail        |    11 |     2 |       |       |       |       ||    13
       Chain mail        |       |    46 |   110 |   430 |   409 |    51 ||  1046
Dodge: Dodged            |    39 |    57 |    99 |   238 |   566 |    59 ||  1058
Block: Kite shield       |       |       |       |   181 |   326 |    67 ||   574
       Reflection        |       |       |       |       |    11 |     1 ||    12
